 Dungeon Crawl Stone Soup version bcrawl-1.19.2-6-g6a88ae04c9 (webtiles) character file.

Game seed: 11008252433022707354

495 Mrkan the Shield-Bearer (level 6, -4/56 HPs)
             Began as a Minotaur Fighter on Jan 6, 2020.
             Was a Believer of Lugonu.
             Killed by nerve-wracking pain
             ... invoked by an orc priest
              (12 damage)
             ... on level 5 of the Dungeon.
             The game lasted 00:05:20 (3882 turns).

Mrkan the Shield-Bearer (Minotaur Fighter)          Turns: 3882, Time: 00:05:20

Health: -4/56      AC: 12    Str: 27    XL:     6   Next: 92%
Magic:  6/6        EV:  6    Int:  5    God:    Lugonu [**....]
Gold:   313        SH: 11    Dex: 11    Spells: 5/5 levels left

rFire    . . .     SeeInvis .   t - +4 hand axe of Circular Logic {distort, +Rage Str+6}
rCold    . . .     Gourm    .   c - +0 shield
rNeg     . . .     Faith    .   u - +0 chain mail
rPois    .         Spirit   .   (helmet restricted)
rElec    .         Reflect  .   a - +0 cloak
rCorr    .         Harm     .   q - +0 pair of gloves
MR       .....                  (no boots)
Stlth    ..........             (no amulet)
HPRegen  0.18/turn              (no ring)
MPRegen  0.10/turn              (no ring)

@: no status effects
A: retaliatory headbutt, horns 2
a: Depart the Abyss, Bend Space, Banish, Renounce Religion, Evoke Berserk Rage


You were on level 5 of the Dungeon.
You worshipped Lugonu.
Lugonu was pleased with you.
You were hungry.

You visited 1 branch of the dungeon, and saw 5 of its levels.

You collected 313 gold pieces.

Inventory:

Hand Weapons
 h - a +0 falchion
 t - the +4 hand axe of Circular Logic (weapon) {distort, +Rage Str+6}
   (You found it on level 4 of the Dungeon)

   It warps and distorts space around it.
   Unwielding it can cause banishment or high damage.
   It affects your strength (+6).
   It lets you go berserk.
Armour
 a - a +0 cloak (worn)
 b - a +0 scale mail
 c - a +0 shield (worn)
 q - a +0 pair of gloves (worn)
 u - a +0 chain mail (worn)
Jewellery
 r - an uncursed amulet of magic regeneration {unknown}
Scrolls
 e - 3 scrolls of remove curse {unknown}
 g - 2 scrolls of enchant weapon {unknown}
 i - 2 scrolls of amnesia {unknown}
 m - 3 scrolls of teleportation {unknown}
 n - 5 scrolls of identify {unknown}
 o - a scroll of fog {unknown}
Potions
 d - a potion of might
 j - a potion of brilliance {unknown}
 k - a potion of heal wounds {unknown}
 l - 2 potions of curing {unknown}
 p - 4 potions of agility {unknown}
Comestibles
 f - 10 rations {!d}
 s - a chunk of flesh


   Skills:
 + Level 5.3 Fighting
   Level 2.1(2.7) Short Blades
 - Level 2.6(3.1) Long Blades
 * Level 1.1 Axes
 + Level 5.3 Armour
 + Level 5.9 Shields
 + Level 2.5 Invocations


You had 5 spell levels left.
You didn't know any spells.
Your spell library contained the following spells:

 Spells                   Type           Power        Failure   Level  Hunger
 Magic Dart               Conj           #...         100%        1    ##.....
 Blink                    Tloc           N/A          100%        2    ###....
 Call Imp                 Summ           #.....       100%        2    ###....
 Conjure Flame            Conj/Fire      #.......     100%        3    ####...
 Mephitic Cloud           Conj/Pois/Air  #.......     100%        3    ####...
 Spider Form              Tmut/Pois      #..          100%        3    ####...


Dungeon Overview and Level Annotations

Branches:
Dungeon (5/12)             Temple (0/1) D:4

Altars:
Gozag
Lugonu
Makhleb
Qazlal
Yredelemnul
Zin

Shops:
D:5 %

Annotations:
D:3 3 runed translucent doors, Gall2222's ghost, amateur HOAc
D:4 2 transporters, gorpus's ghost, amateur OpWz


Innate Abilities, Weirdness & Mutations

You reflexively headbutt those who attack you in melee.
You have a pair of horns on your head.


Message History

You are feeling hungry.
The orc priest mumbles some strange prayers to Beogh against you.
Beogh smites you!
* * * LOW HITPOINT WARNING * * *
You hit the orc.
The orc looks slightly unstable.
The orc is heavily wounded.
The orc hits you but does no damage.
You slash the orc!
You kill the orc!
Lugonu accepts your kill.
You slash the orc!
You kill the orc!
Lugonu accepts your kill. You block the orc priest's attack.
Items here: )) [ † a +0 dagger; a +0 hand axe; a +0 chain mail; an orc corpse You barely miss the orc priest.
You block the orc priest's attack.
The orc priest invokes the aid of Beogh against you.
Pain shoots through your body!
You die...

.................#.......
.................#....###
................##..∩.###
.[....).........##.......
.......)........##.......
.......)...#.#..##.......
#####..#o#.._..###.....##
##.#o#.#.### ##....##
#.#@#.#.# #......
#.#.#.#.# #....##
#.#.#.#.# ##.### ..#.#
#.# #>#.# #.# ... #.. ..#
... ..# ....


You could see 2 orc priests.

Vanquished Creatures
  An ogre (D:4)
  A wyvern skeleton (D:4)
  Crazy Yiuf (D:3)
  A hound (D:2)
  An orc wizard (D:3)
  2 iguanas
  A worker ant (D:4)
  A hound skeleton (D:4)
  4 gnolls (D:5)
  3 adders
  2 oozes (D:2)
  5 worms
  3 dart slugs
  A leopard gecko (D:1)
  14 orcs
  5 bats
  6 giant cockroaches
  3 goblins
  8 hobgoblins
  3 jackals (D:1)
  A quokka (D:2)
  2 ball pythons (D:1)
  7 frilled lizards
  A jackal skeleton (D:5)
  5 kobolds
  6 rats
  A spectral orc (D:2)
89 creatures vanquished.

Notes
Turn   | Place    | Note
-------+----------+-------------------------------------------
     0 | D:1      | Mrkan the Minotaur Fighter began the quest for the Orb.
     0 | D:1      | Reached XP level 1. HP: 19/19 MP: 0/0
   142 | D:1      | Reached XP level 2. HP: 25/27 MP: 1/1
   444 | D:1      | Reached XP level 3. HP: 31/33 MP: 2/2
   999 | D:2      | Found a corrupted altar of Lugonu.
  1046 | D:2      | Became a worshipper of Lugonu the Unformed
  1099 | D:2      | Reached XP level 4. HP: 40/40 MP: 3/3
  1295 | D:2      | Found a basalt altar of Yredelemnul.
  1370 | D:2      | Reached skill level 5 in Shields
  1446 | D:2      | Found a burning altar of Makhleb.
  1541 | D:3      | Reached XP level 5. HP: 38/47 MP: 4/4
  1599 | D:3      | Reached skill level 1 in Invocations
  1796 | D:3      | Found a runed translucent gate.
  1796 | D:3      | Found a runed translucent gate.
  1796 | D:3      | Found a runed translucent gate.
  1796 | D:3      | Noticed Gall2222's ghost (amateur HOAc)
  1833 | D:3      | Found a stormy altar of Qazlal.
  1836 | D:3      | Noticed a water elemental
  1836 | D:3      | Noticed a fire elemental
  1836 | D:3      | Noticed an air elemental
  1968 | D:3      | Found a runed door.
  2167 | D:3      | Reached ** piety under Lugonu
  2473 | D:3      | Noticed Crazy Yiuf
  2484 | D:3      | Killed Crazy Yiuf
  2812 | D:4      | Found a staircase to the Ecumenical Temple.
  2825 | D:4      | Reached skill level 5 in Fighting
  2825 | D:4      | Reached skill level 1 in Long Blades
  2825 | D:4      | Reached XP level 6. HP: 41/56 MP: 6/6
  2898 | D:4      | Found an opulent altar of Gozag.
  2914 | D:4      | Reached skill level 5 in Armour
  3164 | D:4      | Got a crystal hand axe
  3194 | D:4      | Found a transporter.
  3195 | D:4      | Noticed gorpus's ghost (amateur OpWz)
  3203 | D:4      | Found a transporter.
  3248 | D:4      | Identified the +4 hand axe of Circular Logic {distort,
                  | +Rage Str+6} (You found it on level 4 of the Dungeon)
  3742 | D:5      | Entered Level 5 of the Dungeon
  3789 | D:5      | Found Bonnulo's Food Shop.
  3816 | D:5      | Reached skill level 1 in Axes
  3854 | D:5      | Found a glowing silver altar of Zin.
  3882 | D:5      | Killed from afar by an orc priest

Skill      XL: |  1  2  3  4  5  6 |
---------------+-------------------+-----
Shields        | 4 5 |  5.9
Fighting       | 4 5 |  5.3
Armour         | 4 5 |  5.3
Invocations    | 1 2 |  2.5
Long Blades    | 1 2 |  2.6
Axes           | 1 |  1.1
Short Blades   | |  2.1

Action                   |  1- 3 |  4- 6 || total
-------------------------+-------+-------++-------
Melee: Rapier            |    87 |    72 ||   159
       Headbutt          |    16 |    25 ||    41
       Falchion          |       |    55 ||    55
       Hand axe          |       |    25 ||    25
  Eat: Chunk             |     1 |     8 ||     9
Armor: Scale mail        |    32 |    49 ||    81
       Chain mail        |       |    11 ||    11
Dodge: Dodged            |    24 |    32 ||    56
Block: Shield            |    45 |    63 ||   108
